General information
- name: BNet
- type: Ladder team game (AT/RT)
- host: Battle.net
- saver: NoobEIf
map: DragonFalls
- players: 8
- length: 39:00
- speed: Fast
- version: 1.26 W3XP
- replay type: Public
» download(236 KB)
Players
team 1 (winner)
NoobStrat (
orange | 51 APM | 987 actions | 19:21)
3 Archmage
1 Summon Water Elemental
2 Brilliance Aura
2 Paladin
1 Holy Light
1 Devotion Aura
1 Mountain King
1 Storm Bolt
» actions
| Assign group hotkey | 44 | |
| Build / train | 84 | |
| Enter build submenu | 38 | |
| Enter hero's abilities submenu | 6 | |
| Right click | 296 | |
| Select / deselect | 253 | |
| Select group hotkey | 166 | |
| Use ability | 100 | |
987 total
» units
| Peasant | 20 | |
| Footman | 5 | |
| Rifleman | 8 | |
| Priest | 4 | |
| Furbolg Shaman | 2 | |
| Goblin Shredder | 1 | |
| Spell Breaker | 2 | |
42 total
» upgrades
| Masonry | 3 | |
| Gunpowder | 2 | |
| Lumber Harvesting | 1 | |
| Armor | 1 | |
| Long Rifles | 1 | |
| Priest Training | 1 | |
9 total
» buildings
| Farm | 14 | |
| Altar of Kings | 1 | |
| Barracks | 1 | |
| Arcane Vault | 3 | |
| Scout Tower | 12 | |
| Lumber Mill | 1 | |
| Arcane Tower | 1 | |
| Blacksmith | 2 | |
| Guard Tower | 9 | |
| Keep | 1 | |
| Town Hall | 1 | |
| Arcane Sanctum | 2 | |
| Castle | 1 | |
49 total
» build order
00:53 Farm
01:10 Altar of Kings
01:35 Farm
01:40 Barracks
01:43 Arcane Vault
02:33 Farm
02:41 Scout Tower
02:54 Lumber Mill
03:10 Arcane Tower
03:12 Farm
03:25 Scout Tower
04:19 Blacksmith
04:21 Guard Tower
04:47 Keep
06:15 Town Hall
06:26 Scout Tower
06:26 Scout Tower
06:28 Scout Tower
06:32 Scout Tower
06:45 Arcane Vault
07:16 Guard Tower
07:32 Guard Tower
07:32 Guard Tower
08:22 Arcane Sanctum
08:30 Scout Tower
08:59 Arcane Sanctum
09:02 Guard Tower
09:03 Scout Tower
09:07 Arcane Vault
09:37 Guard Tower
09:40 Scout Tower
09:49 Farm
10:15 Farm
10:16 Guard Tower
10:19 Blacksmith
10:29 Scout Tower
12:27 Castle
12:44 Guard Tower
13:53 Scout Tower
14:01 Farm
14:15 Scout Tower
16:05 Farm
16:06 Farm
17:46 Farm
17:46 Farm
18:27 Farm
18:27 Farm
18:35 Farm
» items
| Scroll of Regeneration | 4 | |
| Lesser Clarity Potion | 1 | |
| Mechanical Critter | 1 | |
| Potion of Healing | 2 | |
| Scroll of Town Portal | 1 | |
9 total
NoobEIf (
green | 98 APM | 3819 actions | 39:00)
8 Warden
3 Fan of Knives
3 Blink
1 Spirit of Vengeance
1 Shadow Strike
» actions
| Assign group hotkey | 78 | |
| Basic commands | 48 | |
| Build / train | 138 | |
| Enter build submenu | 48 | |
| Enter hero's abilities submenu | 9 | |
| Give item / drop item | 5 | |
| Remove unit from queue | 2 | |
| Right click | 1433 | |
| Select / deselect | 547 | |
| Select group hotkey | 1251 | |
| Use ability | 260 | |
3819 total
» units
| Wisp | 42 | |
| Archer | 31 | |
| Goblin Zeppelin | 1 | |
| Hippogryph | 8 | |
| Glaive Thrower | 3 | |
85 total
» upgrades
| Strength of the Moon | 3 | |
| Improved Bows | 1 | |
| Moon Armor | 3 | |
| Well Spring | 1 | |
| Nature's Blessing | 1 | |
| Marksmanship | 1 | |
| Strength of the Wild | 3 | |
| Hippogryph Taming | 1 | |
| Reinforced Hides | 2 | |
| Ultravision | 1 | |
17 total
» buildings
| Altar of Elders | 1 | |
| Moon Well | 10 | |
| Ancient of War | 2 | |
| Hunter's Hall | 1 | |
| Tree of Ages | 3 | |
| Tree of Life | 4 | |
| Tree of Eternity | 3 | |
| Ancient Protector | 20 | |
| Ancient of Wonders | 1 | |
| Ancient of Wind | 2 | |
47 total
» build order
00:38 Altar of Elders
00:40 Moon Well
01:13 Ancient of War
01:31 Moon Well
02:28 Hunter's Hall
02:44 Moon Well
03:04 Ancient of War
04:06 Tree of Ages
04:54 Tree of Life
05:20 Moon Well
07:02 Tree of Eternity
07:02 Tree of Eternity
08:04 Moon Well
08:47 Ancient Protector
08:50 Ancient Protector
08:53 Ancient Protector
10:12 Moon Well
10:14 Moon Well
10:16 Moon Well
10:22 Moon Well
10:25 Moon Well
11:41 Ancient of Wonders
12:22 Ancient Protector
13:21 Ancient Protector
14:01 Ancient Protector
14:05 Ancient Protector
15:02 Ancient Protector
15:06 Ancient Protector
15:43 Ancient Protector
15:47 Ancient Protector
16:44 Ancient of Wind
16:45 Ancient of Wind
18:42 Ancient Protector
21:03 Ancient Protector
21:05 Ancient Protector
21:14 Ancient Protector
21:17 Ancient Protector
22:16 Ancient Protector
22:23 Ancient Protector
22:59 Tree of Life
29:10 Tree of Life
30:05 Ancient Protector
30:07 Ancient Protector
35:10 Tree of Life
» items
| Boots of Speed | 1 | |
| Periapt of Vitality | 2 | |
| Scroll of Town Portal | 5 | |
| Lesser Clarity Potion | 1 | |
| Orb of Venom | 1 | |
| Moonstone | 1 | |
| Anti-magic Potion | 1 | |
12 total
RODONEMANSIDE (
teal | 57 APM | 2208 actions | 38:59)
4 Blood Mage
2 Flame Strike
2 Siphon Mana
4 Mountain King
2 Storm Bolt
2 Bash
2 Paladin
1 Divine Shield
1 Holy Light
1 Archmage
1 Blizzard
» actions
| Assign group hotkey | 32 | |
| Basic commands | 8 | |
| Build / train | 92 | |
| Enter build submenu | 28 | |
| Enter hero's abilities submenu | 11 | |
| Right click | 929 | |
| Select / deselect | 329 | |
| Select group hotkey | 661 | |
| Use ability | 118 | |
2208 total
» units
| Peasant | 12 | |
| Goblin Shredder | 3 | |
| Gryphon Rider | 8 | |
| Dragonhawk Rider | 4 | |
| Flying Machine | 6 | |
33 total
» upgrades
| Masonry | 3 | |
| Animal War Training | 1 | |
| Swords | 2 | |
| Armor | 2 | |
| Storm Hammers | 1 | |
| Cloud | 1 | |
| Flying Machine Bombs | 2 | |
12 total
» buildings
| Altar of Kings | 1 | |
| Farm | 13 | |
| Lumber Mill | 2 | |
| Scout Tower | 23 | |
| Arcane Tower | 1 | |
| Arcane Vault | 3 | |
| Guard Tower | 12 | |
| Keep | 3 | |
| Town Hall | 1 | |
| Castle | 1 | |
| Gryphon Aviary | 3 | |
| Barracks | 1 | |
| Blacksmith | 1 | |
65 total
» build order
00:08 Altar of Kings
00:21 Farm
00:38 Lumber Mill
01:22 Scout Tower
01:31 Farm
01:52 Arcane Tower
02:00 Scout Tower
02:13 Arcane Vault
02:33 Guard Tower
02:36 Scout Tower
02:50 Scout Tower
02:51 Scout Tower
02:52 Scout Tower
03:09 Guard Tower
03:16 Lumber Mill
03:41 Guard Tower
03:41 Guard Tower
03:41 Guard Tower
03:54 Scout Tower
04:23 Guard Tower
04:48 Keep
04:48 Keep
05:55 Town Hall
07:48 Scout Tower
07:48 Scout Tower
07:49 Scout Tower
07:49 Scout Tower
08:09 Castle
08:39 Guard Tower
09:16 Gryphon Aviary
09:20 Gryphon Aviary
09:39 Gryphon Aviary
09:44 Farm
09:44 Farm
09:45 Farm
09:50 Farm
09:50 Farm
09:50 Farm
10:23 Barracks
10:28 Blacksmith
17:36 Farm
20:07 Farm
20:07 Farm
27:33 Scout Tower
27:33 Scout Tower
27:33 Scout Tower
27:34 Scout Tower
29:22 Guard Tower
29:25 Arcane Vault
29:31 Scout Tower
29:32 Scout Tower
29:32 Scout Tower
30:04 Guard Tower
31:26 Arcane Vault
31:28 Scout Tower
31:28 Scout Tower
31:29 Scout Tower
31:29 Scout Tower
35:38 Guard Tower
» items
| Staff of Teleportation | 3 | |
| Scroll of Regeneration | 2 | |
| Mechanical Critter | 2 | |
| Potion of Mana | 1 | |
| Potion of Healing | 3 | |
| Scroll of Town Portal | 6 | |
17 total
TheMarxist (
red | 54 APM | 1051 actions | 19:24)
2 Archmage
1 Summon Water Elemental
1 Brilliance Aura
3 Paladin
2 Holy Light
1 Devotion Aura
» actions
| Assign group hotkey | 165 | |
| Build / train | 58 | |
| Enter build submenu | 19 | |
| Enter hero's abilities submenu | 6 | |
| Right click | 349 | |
| Select / deselect | 164 | |
| Select group hotkey | 236 | |
| Use ability | 54 | |
1051 total
» units
| Peasant | 9 | |
| Footman | 7 | |
| Rifleman | 6 | |
| Mortar Team | 5 | |
| Flying Machine | 7 | |
34 total
» upgrades
| Long Rifles | 1 | |
| Gunpowder | 1 | |
| Lumber Harvesting | 1 | |
| Masonry | 1 | |
| Fragmentation Shards | 1 | |
| Flare | 1 | |
| Flak Cannons | 1 | |
| Armor | 1 | |
8 total
» buildings
| Altar of Kings | 1 | |
| Farm | 9 | |
| Barracks | 2 | |
| Keep | 1 | |
| Blacksmith | 1 | |
| Arcane Vault | 1 | |
| Lumber Mill | 1 | |
| Castle | 1 | |
| Workshop | 2 | |
19 total
» build order
00:22 Altar of Kings
00:25 Farm
00:46 Barracks
01:13 Farm
02:01 Farm
02:42 Farm
03:27 Farm
03:28 Keep
04:07 Blacksmith
05:38 Barracks
05:42 Arcane Vault
05:52 Lumber Mill
08:24 Farm
09:22 Farm
09:23 Castle
10:17 Workshop
10:20 Workshop
15:52 Farm
18:06 Farm
» items
| Scroll of Town Portal | 2 | |
| Lesser Clarity Potion | 1 | |
| Scroll of Regeneration | 1 | |
| Potion of Healing | 1 | |
5 total
team 2 (loser)

»
helpme2 (
pink | 27 APM | 1060 actions | 38:59)
6 Mountain King
1 Thunder Clap
3 Storm Bolt
1 Bash
1 Avatar
» actions
| Basic commands | 2 | |
| Build / train | 90 | |
| Enter build submenu | 33 | |
| Enter hero's abilities submenu | 6 | |
| Give item / drop item | 4 | |
| Right click | 490 | |
| Select / deselect | 368 | |
| Use ability | 67 | |
1060 total
» units
| Peasant | 20 | |
| Footman | 4 | |
| Rifleman | 5 | |
| Mortar Team | 5 | |
| Knight | 5 | |
| Flying Machine | 1 | |
| Siege Engine | 6 | |
46 total
» upgrades
| Lumber Harvesting | 2 | |
| Fragmentation Shards | 1 | |
| Barrage | 1 | |
| Flak Cannons | 1 | |
| Flying Machine Bombs | 1 | |
| Animal War Training | 3 | |
| Gunpowder | 1 | |
| Armor | 1 | |
| Swords | 1 | |
| Plating | 1 | |
13 total
» buildings
| Farm | 13 | |
| Altar of Kings | 1 | |
| Barracks | 1 | |
| Lumber Mill | 1 | |
| Scout Tower | 10 | |
| Arcane Tower | 2 | |
| Blacksmith | 1 | |
| Town Hall | 1 | |
| Arcane Vault | 1 | |
| Keep | 1 | |
| Castle | 1 | |
| Workshop | 2 | |
| Guard Tower | 8 | |
43 total
» build order
00:12 Farm
00:25 Altar of Kings
00:48 Farm
01:24 Farm
01:27 Barracks
01:45 Lumber Mill
02:04 Farm
02:14 Scout Tower
02:41 Farm
02:43 Arcane Tower
02:50 Blacksmith
03:48 Farm
04:18 Town Hall
04:22 Scout Tower
05:00 Arcane Tower
05:13 Arcane Vault
05:27 Keep
07:58 Castle
08:04 Workshop
08:36 Workshop
09:29 Farm
09:51 Scout Tower
11:03 Scout Tower
11:05 Guard Tower
11:21 Farm
11:35 Guard Tower
11:37 Scout Tower
12:07 Farm
12:12 Scout Tower
12:14 Guard Tower
12:43 Guard Tower
12:52 Farm
14:07 Farm
15:13 Farm
16:52 Farm
17:33 Scout Tower
18:09 Scout Tower
18:12 Guard Tower
19:58 Guard Tower
20:01 Scout Tower
20:41 Scout Tower
20:42 Guard Tower
21:15 Guard Tower
» items
| Scroll of Regeneration | 4 | |
| Lesser Clarity Potion | 3 | |
| Scroll of Town Portal | 3 | |
| Potion of Healing | 1 | |
| Orb of Fire | 1 | |
12 total

»
JetsFool (
purple | 63 APM | 1807 actions | 28:30)
7 Death Knight
3 Death Coil
3 Unholy Aura
1 Animate Dead
» actions
| Assign group hotkey | 21 | |
| Basic commands | 2 | |
| Build / train | 56 | |
| Enter build submenu | 20 | |
| Enter hero's abilities submenu | 7 | |
| Right click | 919 | |
| Select / deselect | 290 | |
| Select group hotkey | 428 | |
| Use ability | 64 | |
1807 total
» units
| Acolyte | 5 | |
| Ghoul | 5 | |
| Crypt Fiend | 8 | |
| Frost Wyrm | 4 | |
22 total
» upgrades
| Creature Carapace | 3 | |
| Creature Attack | 3 | |
| Web | 1 | |
| Freezing Breath | 1 | |
8 total
» buildings
| Ziggurat | 9 | |
| Altar of Darkness | 1 | |
| Crypt | 2 | |
| Graveyard | 1 | |
| Spirit Tower | 5 | |
| Halls of the Dead | 2 | |
| Black Citadel | 1 | |
| Sacrificial Pit | 1 | |
| Tomb of Relics | 1 | |
| Boneyard | 2 | |
25 total
» build order
00:11 Ziggurat
00:13 Altar of Darkness
00:16 Crypt
01:13 Graveyard
01:57 Crypt
02:12 Ziggurat
04:27 Ziggurat
04:41 Spirit Tower
06:02 Halls of the Dead
06:03 Halls of the Dead
06:05 Spirit Tower
06:50 Ziggurat
08:47 Black Citadel
09:25 Spirit Tower
09:31 Sacrificial Pit
10:07 Tomb of Relics
10:50 Ziggurat
11:46 Boneyard
12:07 Boneyard
13:45 Ziggurat
16:20 Spirit Tower
17:57 Ziggurat
18:09 Ziggurat
19:29 Spirit Tower
21:27 Ziggurat
» items
| Lesser Clarity Potion | 3 | |
| Scroll of Regeneration | 3 | |
| Scroll of Town Portal | 2 | |
| Dust of Appearance | 1 | |
9 total
MashedPotatoes (
blue | 44 APM | 1724 actions | 38:59)
» actions
| Assign group hotkey | 14 | |
| Basic commands | 95 | |
| Build / train | 108 | |
| Enter build submenu | 76 | |
| Remove unit from queue | 11 | |
| Right click | 357 | |
| Select / deselect | 441 | |
| Select group hotkey | 484 | |
| Use ability | 138 | |
1724 total
» units
| Wisp | 76 | |
| Hippogryph | 3 | |
| Green Dragon | 2 | |
| Chimaera | 3 | |
84 total
» upgrades
| Strength of the Wild | 3 | |
| Reinforced Hides | 3 | |
| Well Spring | 1 | |
| Nature's Blessing | 1 | |
| Ultravision | 1 | |
| Corrosive Breath | 1 | |
| Druid of the Talon Training | 1 | |
11 total
» buildings
| Moon Well | 6 | |
| Hunter's Hall | 1 | |
| Tree of Ages | 1 | |
| Tree of Life | 5 | |
| Ancient Protector | 48 | |
| Altar of Elders | 1 | |
| Tree of Eternity | 1 | |
| Ancient of Wind | 5 | |
| Chimaera Roost | 6 | |
74 total
» build order
00:10 Moon Well
00:40 Moon Well
01:26 Hunter's Hall
01:46 Moon Well
02:26 Moon Well
02:50 Moon Well
03:12 Tree of Ages
03:55 Tree of Life
04:20 Ancient Protector
04:22 Ancient Protector
04:23 Ancient Protector
04:27 Ancient Protector
05:04 Altar of Elders
06:09 Tree of Eternity
07:47 Ancient Protector
07:47 Ancient Protector
07:48 Ancient Protector
07:48 Ancient Protector
07:51 Ancient Protector
08:39 Ancient of Wind
08:40 Ancient of Wind
08:48 Ancient of Wind
08:50 Ancient of Wind
09:42 Ancient of Wind
14:10 Tree of Life
14:20 Tree of Life
14:22 Tree of Life
14:28 Ancient Protector
14:28 Ancient Protector
14:28 Ancient Protector
14:29 Ancient Protector
14:29 Ancient Protector
14:29 Ancient Protector
14:34 Ancient Protector
16:57 Chimaera Roost
16:58 Chimaera Roost
17:13 Chimaera Roost
17:16 Chimaera Roost
17:18 Chimaera Roost
17:19 Chimaera Roost
17:49 Tree of Life
17:55 Ancient Protector
17:58 Ancient Protector
17:59 Ancient Protector
18:01 Ancient Protector
18:02 Ancient Protector
18:03 Ancient Protector
18:04 Ancient Protector
18:07 Ancient Protector
18:08 Ancient Protector
20:27 Moon Well
20:50 Ancient Protector
20:50 Ancient Protector
20:52 Ancient Protector
20:53 Ancient Protector
20:54 Ancient Protector
21:04 Ancient Protector
21:05 Ancient Protector
21:10 Ancient Protector
21:11 Ancient Protector
21:15 Ancient Protector
21:16 Ancient Protector
22:07 Ancient Protector
22:07 Ancient Protector
22:08 Ancient Protector
22:09 Ancient Protector
22:10 Ancient Protector
28:58 Ancient Protector
28:59 Ancient Protector
28:59 Ancient Protector
29:00 Ancient Protector
29:25 Ancient Protector
29:25 Ancient Protector
frozencrift (
yellow | 42 APM | 1654 actions | 38:59)
6 Death Knight
3 Death Coil
2 Unholy Aura
1 Animate Dead
4 Lich
2 Frost Nova
2 Frost Armor
» actions
| Assign group hotkey | 26 | |
| Basic commands | 55 | |
| Build / train | 65 | |
| ESC pressed | 1 | |
| Enter build submenu | 13 | |
| Enter hero's abilities submenu | 11 | |
| Give item / drop item | 5 | |
| Remove unit from queue | 1 | |
| Right click | 592 | |
| Select / deselect | 557 | |
| Select group hotkey | 227 | |
| Use ability | 101 | |
1654 total
» units
| Acolyte | 2 | |
| Ghoul | 2 | |
| Crypt Fiend | 18 | |
| Frost Wyrm | 4 | |
26 total
» upgrades
| Creature Attack | 3 | |
| Web | 1 | |
| Creature Carapace | 2 | |
| Freezing Breath | 1 | |
7 total
» buildings
| Crypt | 1 | |
| Graveyard | 1 | |
| Altar of Darkness | 2 | |
| Ziggurat | 6 | |
| Tomb of Relics | 1 | |
| Nerubian Tower | 1 | |
| Halls of the Dead | 4 | |
| Black Citadel | 2 | |
| Sacrificial Pit | 1 | |
| Boneyard | 1 | |
20 total
» build order
00:36 Crypt
00:41 Graveyard
00:50 Altar of Darkness
01:03 Ziggurat
01:25 Tomb of Relics
02:00 Nerubian Tower
02:13 Ziggurat
03:32 Halls of the Dead
03:32 Halls of the Dead
03:32 Halls of the Dead
04:48 Ziggurat
06:21 Black Citadel
06:21 Black Citadel
07:04 Ziggurat
07:38 Sacrificial Pit
08:53 Boneyard
13:40 Ziggurat
15:44 Ziggurat
25:31 Altar of Darkness
» items
| Rod of Necromancy | 3 | |
| Potion of Healing | 1 | |
| Orb of Corruption | 1 | |
| Scroll of Town Portal | 3 | |
| Potion of Mana | 1 | |
| Potion of Lesser Invulnerability | 2 | |
11 total
Chat log
(01:48 / All) RODONEMANSIDE: trump or rubio
(01:58 / All) helpme2: rubio
(02:11 / All) MashedPotatoes: you gotta be a downie to vote for rubio
(02:16 / All) TheMarxist: rubio is an uncle tom
(02:30 / All) RODONEMANSIDE: isnt uncle tom a rich nigger
(02:30 / All) MashedPotatoes: he's a homo spic
(02:35 / All) TheMarxist: house nigga if you will
(02:48 / All) TheMarxist: hes samuel jackson in django
(03:02 / All) TheMarxist: working to destroy his own ppl
(03:17 / All) TheMarxist: his immigration policies?
(03:18 / All) MashedPotatoes: ... a race traitor ....
(03:19 / All) TheMarxist: LOLZ
(03:29 / All) MashedPotatoes: open borders and amnesty
(03:33 / All) MashedPotatoes: that's what he's for
(03:40 / All) MashedPotatoes: are you 'tarded?
(03:45 / All) NoobEIf: marxist insulting trump and calling rubio uncle tom lol
(03:49 / All) MashedPotatoes: that's what they're all for you braindead idiot
(03:56 / All) TheMarxist: gop policies are laughable
(04:11 / All) MashedPotatoes: You don't have a thought in your head that you didn't glean from reddit
(04:12 / All) MashedPotatoes: queer
(04:27 / All) TheMarxist: lol
(04:31 / All) RODONEMANSIDE: who da fuk u
(04:33 / All) TheMarxist: i dont even go on reddit
(04:40 / All) MashedPotatoes: I believe you
(04:56 / All) MashedPotatoes: You seem like more of a tumblr pussy
(04:58 / Allies) NoobStrat: green some
(05:00 / Allies) NoobStrat: come
(05:07 / All) TheMarxist: i look at pussy on tumblr
(05:12 / All) TheMarxist: cuz its everywhere
(05:15 / All) MashedPotatoes: Yeah with your dick in your hand
(05:16 / All) TheMarxist: and i like that
(05:21 / All) TheMarxist: lol
(05:26 / All) RODONEMANSIDE: whats tumbler
(05:38 / All) MashedPotatoes: Three time a day is excessive, son
(06:10 / Allies) NoobStrat: stand by
(06:11 / Allies) NoobStrat: for heal
(06:16 / Allies) NoobEIf: ty
(07:23 / Allies) RODONEMANSIDE: wood
(07:25 / Allies) NoobStrat: come
(08:25 / Allies) NoobStrat: no help?
(08:31 / Allies) TheMarxist: comin
(09:56 / Allies) TheMarxist: lol
(09:58 / All) NoobEIf: shit thought I had a tp
(10:11 / All) TheMarxist: fuck that lich
(10:36 / Allies) NoobStrat: wood?
(10:56 / Allies) RODONEMANSIDE: chase
(10:58 / Allies) RODONEMANSIDE: i dont have shit
(11:03 / Allies) TheMarxist: i see that
(11:39 / Allies) NoobStrat: ty
(12:27 / Allies) RODONEMANSIDE: red are u slow u just has to get him to tp
(12:32 / Allies) RODONEMANSIDE: TP
(12:34 / Allies) RODONEMANSIDE: WE NEED HELP
(12:42 / Allies) RODONEMANSIDE: red are u a stupid nigger
(12:45 / Allies) RODONEMANSIDE: u just hasd to get him to tp
(12:52 / Allies) NoobEIf: coming
(12:59 / Allies) TheMarxist: fuck this game
(13:10 / Allies) RODONEMANSIDE: oj tp
(13:11 / Allies) RODONEMANSIDE: oj tp
(13:12 / Allies) RODONEMANSIDE: oj tp
(13:41 / All) RODONEMANSIDE: this never would hav ehappened if red actually made yellow tp instead he stayed away
(14:56 / Allies) NoobStrat: griffs help
(15:16 / All) RODONEMANSIDE: my team isnt talking one bit
(15:25 / Allies) TheMarxist: we suck shut up
(15:37 / Allies) TheMarxist: its over already
(16:01 / Allies) TheMarxist: i mean what did you expect from this game
(17:41 / Allies) NoobEIf: let's hit bot left
(17:52 / All) RODONEMANSIDE: this team is literally retarded i have no idea wut they want to do
(19:19 / Allies) RODONEMANSIDE: have ot tp
(19:19 / Allies) RODONEMANSIDE: tp
(19:24 / Allies) RODONEMANSIDE: red tped so we had to tp
(22:14 / Allies) RODONEMANSIDE: lol
(22:32 / Allies) NoobEIf: wut
(23:39 / Allies) RODONEMANSIDE: stick together
(25:09 / Allies) RODONEMANSIDE: use ur maphack lets go
(26:53 / All) helpme2: gg
(26:59 / All) helpme2: we got a tk faggot
(27:00 / All) NoobEIf: gg out
(27:00 / All) MashedPotatoes: gg noob allies
(27:24 / All) RODONEMANSIDE: ud hacking bots out
(29:13 / All) RODONEMANSIDE: we did better once oj and red left
(29:18 / All) RODONEMANSIDE: we aint evne touching them anyways
(29:59 / All) MashedPotatoes: I got stuck with noob team
(30:03 / All) MashedPotatoes: there goes my record
(31:10 / All) RODONEMANSIDE: yellow just be honest, u mh
(32:47 / All) MashedPotatoes: the ents are marching to isengard
(32:50 / All) RODONEMANSIDE: jurk
(33:04 / All) RODONEMANSIDE: pple did that a lot
(33:07 / All) RODONEMANSIDE: in 2004
(33:09 / All) RODONEMANSIDE: lotr shit
(33:29 / All) MashedPotatoes: mass aow is viable strat
(34:07 / All) RODONEMANSIDE: dat look silly
(37:10 / All) MashedPotatoes: kill my trees already
(37:29 / All) RODONEMANSIDE: i thought u 2 were joking
(37:42 / All) RODONEMANSIDE: uproot fool
(37:54 / All) NoobEIf: I think my whole army is gonna die LOL
(38:03 / All) MashedPotatoes: they would if I planted